Map: Pillars of Gold LE

Players

Massa

  • Race: Terran Terran
  • League: Platinum
  • Spawn Location: 1:00

Wilcooty - Winner!

  • Race: Protoss Protoss
  • League: Platinum
  • Spawn Location: 7:00

VOD

Have the link to the VOD?

Description

Time

  • Played on: Feb. 23, 2021, 2:13 p.m.
  • Length: 7:50
Show
View Real Time Build Order
Export as new Build Order

Massa Terran 

Build Orders: 2 Factory 

Get SALT Encoding   

  12  0:00  SCV  
  13  0:12  SCV  
  14  0:20  Supply Depot  
  14  0:24  SCV  
  15  0:41  SCV  
  16  0:43  Barracks  
  16  0:50  Refinery  
  16  0:54  SCV  
  17  1:06  SCV  
  18  1:18  SCV  
  19  1:35  Marine  
  19  1:36  Barracks  
  19  1:38  Barracks  
  20  1:53  Orbital Command  
  20  2:19  Supply Depot  
  20  2:21  SCV, Command Center  
  21  2:33  Barracks Tech Lab  
  21  2:37  SCV  
  21  2:38  Factory  
  22  2:50  Factory  
  22  2:54  Marine  
  23  3:00  SCV  
  23  3:17  SCV  
  23  3:18  Engineering Bay  
  24  3:29  Cyclone  
  24  3:31  Barracks Tech Lab  
  24  3:32  Supply Depot  
  27  3:35  Hellion  
  29  3:52  Missile Turret  
  28  3:58  Orbital Command  
  28  4:05  SCV  
  28  4:09  Missile Turret  
  29  4:17  SCV  
  29  4:21  Barracks Reactor  
  30  4:24  Cyclone  
  30  4:28  SCV  
  30  4:30  SCV  
  35  4:32  Refinery  
  35  4:44  Refinery  
  35  4:47  Refinery  
  35  4:48  SCV x2  
  37  4:57  Barracks, Missile Turret  
  37  5:00  SCV x2  
  39  5:07  Cyclone  
  39  5:08  Factory Tech Lab  
  42  5:22  Marine x2  
  44  5:39  Barracks  
  44  5:42  Barracks  
  44  5:50  Supply Depot  
  44  5:51  Supply Depot  
  41  6:11  Marine x2  
  41  6:15  Marine, Supply Depot  
  41  6:29  Marine x2  
  41  6:31  Marine  
  41  6:33  Marine  
  39  6:49  Bunker, Marine  
  39  6:50  Marine  
  39  6:51  Bunker  
  43  6:56  Factory x2  
  40  7:08  Marine  
  40  7:25  Barracks  
  40  7:26  Marine  
  41  7:30  Barracks  
  41  7:34  Barracks  
  38  7:41  Factory Tech Lab  
  38  7:42  Factory Tech Lab  
Show
View Real Time Build Order
Export as new Build Order

Wilcooty Protoss - Winner!

Build Orders: Proxy Void Ray 

Get SALT Encoding   

  12  0:00  Probe  
  13  0:12  Probe  
  14  0:19  Pylon  
  14  0:24  Probe  
  15  0:37  Probe  
  15  0:41  Gateway  
  16  0:45  Gateway  
  16  0:49  Probe  
  17  0:54  Assimilator  
  17  1:03  Assimilator  
  17  1:10  Probe  
  18  1:22  Probe  
  19  1:32  Cybernetics Core  
  19  1:34  Probe  
  19  1:38  Pylon  
  20  1:46  Probe  
  21  1:52  Pylon  
  21  1:58  Probe (Chrono Boost)  
  22  2:06  Stalker (Chrono Boost)  
  22  2:10  Warp Gate  
  22  2:12  Probe (Chrono Boost)  
  25  2:25  Shield Battery  
  25  2:31  Stargate  
  25  2:37  Probe  
  25  2:42  Shield Battery  
  26  2:59  Pylon  
  26  3:09  Void Ray (Chrono Boost)  
  26  3:18  Shield Battery  
  26  3:19  Shield Battery  
  30  3:22  Pylon  
  30  3:25  Probe  
  31  3:39  Void Ray (Chrono Boost)  
  35  4:06  Pylon  
  35  4:07  Void Ray (Chrono Boost)  
  39  4:25  Shield Battery  
  39  4:41  Void Ray (Chrono Boost)  
  39  4:43  Shield Battery  
  43  4:57  Nexus  
  43  5:11  Void Ray (Chrono Boost)  
  47  5:42  Void Ray (Chrono Boost)  
  47  5:44  Stalker  
  47  5:46  Probe  
  54  5:58  Probe  
  51  6:10  Probe  
  52  6:16  Void Ray  
  48  6:20  Stalker  
  48  6:22  Probe  
  52  6:34  Probe  
  53  6:40  Probe  
  53  6:46  Probe, Stalker  
  57  6:50  Void Ray (Chrono Boost)  
  56  6:56  Probe  
  56  6:59  Probe  
  61  7:08  Probe  
  61  7:11  Probe  
  62  7:20  Probe  
  63  7:23  Probe  
  63  7:27  Pylon  
  68  7:30  Assimilator  
  68  7:31  Assimilator  
  68  7:32  Probe  
  68  7:35  Probe  
Tags
 
Add a new tag
Caveats
  • Supply blocks, unpowered buildings, or Contaminate may cause inaccurate times.
  • Supply counts are checked every 10 seconds.